 Dungeon Crawl Stone Soup version 0.27-a0-1202-ge72e49191c (webtiles) character file.

Game seed: 5941649091712288669

361 robertstho the Caller (level 6, -7/33 HPs)
             Began as a Tengu Summoner on June 4, 2021.
             Shot with an arrow by a centaur (13 damage)
             ... on level 5 of the Dungeon.
             The game lasted 00:13:52 (5722 turns).

robertstho the Caller (Tengu Summoner)              Turns: 5722, Time: 00:13:52

Health: -7/33      AC:  2    Str:  8    XL:     6   Next: 66%
Magic:  4/13       EV: 15    Int: 17    God:
Gold:   271        SH:  0    Dex: 15    Spells: 4/13 levels left

rFire    . . .     SeeInvis .   e - +1 dagger
rCold    . . .     Faith    .   (no shield)
rNeg     . . .     Spirit   .   a - +0 robe
rPois    .         Reflect  .   (helmet restricted)
rElec    .         Harm     .   (no cloak)
rCorr    .         Rampage  .   (no gloves)
Will     .....                  (boots unavailable)
Stlth    ++........             (no amulet)
HPRegen  0.11/turn              n - +4 ring of slaying
MPRegen  0.13/turn              (no ring)

@: flying quickly and evasively, quick
A: beak, talons 3, nimble flight
a: no special abilities


You were on level 5 of the Dungeon.
You visited 1 branch of the dungeon, and saw 5 of its levels.

You collected 271 gold pieces.

Inventory:

Hand Weapons
 e - a +1 dagger (weapon)
Missiles
 c - 2 throwing nets
Armour
 a - a +0 robe (worn)
Jewellery
 n - a +4 ring of slaying (left hand)
Scrolls
 g - 2 scrolls of immolation
 l - a scroll of enchant weapon
Potions
 b - 2 potions of mutation
 i - 3 potions of ambrosia
 p - a potion of resistance


   Skills:
 + Level 0.3 Fighting
 + Level 2.2 Dodging
 * Level 2.8 Stealth
 * Level 4.3 Spellcasting
 * Level 7.3 Summonings


You had 4 spell levels left.
You knew the following spells:

 Your Spells              Type           Power      Damage    Failure   Level
a - Summon Small Mammal   Summ           100%       N/A       1%          1
b - Call Imp              Summ           28%        N/A       1%          2
c - Call Canine Familiar  Summ           28%        N/A       2%          3
d - Summon Guardian Gole  Hex/Summ       16%        N/A       11%         3

Your spell library contained the following spells:

 Spells                   Type           Power      Damage    Failure   Level
 Summon Ice Beast         Ice/Summ       16%        N/A       34%         4
 Summon Lightning Spire   Summ/Air       16%        N/A       34%         4


Dungeon Overview and Level Annotations

Branches:
Dungeon (5/15)             Temple (0/1) D:4

Altars:
Ashenzari
Dithmenos
Vehumet

Shops:
D:4 (

Annotations:
D:3 Sigmund
D:4 2 transporters, indyram44's ghost, amateur DsGl


Innate Abilities, Weirdness & Mutations

You have a beak for a mouth.
You have claws for feet.
Your magical nature lets you fly swiftly and evasively.


Message History

Your crimson imp disappears in a puff of smoke!
What are your orders? t - Shout!
Orders for allies: a - Attack new target. r - Retreat! s - Stop attacking. g - Guard the area. f - Follow me.
Anything else - Cancel.
Gang up on whom?
Press: ? - help, Dir - move target, f - ogre
Aim: an ogre, wielding a +0 giant spiked club (blue smoke, ally target) Attack!
Your white imp hits the ogre.
Your white imp freezes the ogre.
The ogre barely misses your white imp.
Your white imp completely misses the ogre.
The ogre hits your white imp with a +0 giant spiked club!
Your white imp dies!
Casting: Call Imp (safe; 1% risk of failure)
Confirm with . or Enter, or press ? or * to list all spells.
You swap places.
Your hound barely misses the ogre.
The ogre hits your hound with a +0 giant spiked club!!
Your hound dies!
Your hound's corpse disappears in a puff of smoke!
As you read the scroll of teleportation, it crumbles to dust.
You feel strangely unstable.
There is an escape hatch in the floor here.
Your surroundings suddenly seem different.
The centaur shouts!
The centaur shoots an arrow.
The arrow hits you!
* * * LOW HITPOINT WARNING * * *
The centaur shoots an arrow.
The arrow hits you.
* * * LOW HITPOINT WARNING * * *
Unknown command.
Okay, then.
Okay, then.
You aren't carrying any items that you can evoke.
Unknown command.
You aren't carrying any items that you can evoke.
Casting: Call Canine Familiar (dangerous; 2% risk of failure)
Confirm with . or Enter, or press ? or * to list all spells.
The centaur shoots an arrow.
The arrow hits you!
You die...

.................#.#.#8,,,,,8#...
......###.#.#....#.#.#*,,,..*#.#.
.................[...#*8,..8*#...
.......##.#..........#**#_##*#..#
.....................#########.:.
..............c...............[.#
.............................,,,*
..............##.###.........****
.......##..c..##@# #.........*,,,
.......##.....##.#*#.......##*,,,
,,.....*#.....##.h,....##### *,,,
*,,,,***#####**........#******,,,
*>,,,******** *.........,**,,,,,,
*,,,,,,,,,,,* #...[.....c**,,,,,,
****,,,,,,,,* #..........#*,,,,,,
*,,,,,,,,,,,* #....###....,,,,,,,
*,,,,,,,,,,,* *,,,,,,,,,,,,,,,***


You could see a centaur (ally target) and a friendly hound (summoned).

Vanquished Creatures
  A wyvern zombie (D:5)
  A gnoll shaman (D:4)
  A bullfrog skeleton (D:5)
  A gnoll (D:5)
  A white imp (D:5)
  2 ball pythons (D:1)
  A goblin (D:1)
  A hobgoblin (D:2)
  A quokka (D:1)
10 creatures vanquished.

Vanquished Creatures (collateral kills)
  A bullfrog (D:4)
  3 iguanas (D:4)
  A nameless horror (D:4)
  A hound skeleton (D:4)
  7 gnolls
  2 adders
  An adder skeleton (D:4)
  2 worms
  2 dart slugs
  9 orcs
  4 bats
  4 endoplasms
  3 giant cockroaches
  4 goblins
  7 hobgoblins
  6 jackals
  2 quokkas
  6 ball pythons
  8 frilled lizards
  6 kobolds
  3 rats
82 creatures vanquished.

Vanquished Creatures (others)
  A gnoll shaman (D:5)
  3 gnolls
  An adder (D:4)
5 creatures vanquished.

Grand Total: 97 creatures vanquished

Notes
Turn   | Place    | Note
-------+----------+-------------------------------------------
     0 | D:1      | robertstho the Tengu Summoner began the quest for the Orb.
     0 | D:1      | Reached XP level 1. HP: 10/10 MP: 4/4
   168 | D:1      | Reached skill level 5 in Summonings
   253 | D:1      | Reached XP level 2. HP: 12/15 MP: 1/6
  1187 | D:1      | Reached XP level 3. HP: 19/19 MP: 2/7
  1979 | D:2      | Found a faded altar of an unknown god.
  3175 | D:3      | Noticed Sigmund
  3185 | D:3      | Learned a level 2 spell: Call Imp
  3270 | D:2      | Learned a level 3 spell: Call Canine Familiar
  3632 | D:4      | Reached XP level 4. HP: 3/24 MP: 6/9
  3909 | D:4      | Noticed a bullfrog
  3918 | D:4      | Killed a bullfrog
  4057 | D:4      | Noticed a nameless horror
  4068 | D:4      | Killed a nameless horror
  4188 | D:4      | Found a transporter.
  4188 | D:4      | Noticed indyram44's ghost (amateur DsGl)
  4242 | D:4      | Reached skill level 6 in Summonings
  4242 | D:4      | Gained mutation: Your magical nature lets you fly swiftly
                  | and evasively. [Tengu growth]
  4242 | D:4      | Reached XP level 5. HP: 28/28 MP: 2/11
  4319 | D:4      | Found a transporter.
  4533 | D:4      | Learned a level 3 spell: Summon Guardian Golem
  5090 | D:4      | Found a staircase to the Ecumenical Temple.
  5107 | D:4      | Found Cuegay's Weapon Shoppe.
  5332 | D:5      | Entered Level 5 of the Dungeon
  5377 | D:5      | Reached XP level 6. HP: 26/33 MP: 2/13
  5386 | D:5      | HP: 3/73 [wyvern zombie (9)]
  5424 | D:5      | Reached skill level 7 in Summonings
  5627 | D:5      | Found a radiant altar of Vehumet.
  5636 | D:5      | Found a shadowy altar of Dithmenos.
  5636 | D:5      | Found a broken altar of Ashenzari.
  5722 | D:5      | Shot with an arrow by a centaur

Illustrated notes

Levels and vault maps discovered:
D:1:      lemuel_arrival_behind_the_door_small, layout_rooms, st_stairs_8
D:2:      layout_basic, hellmonk_ecumenical_altar_blasted
D:3:      layout_rooms, uniq_sigmund
D:4:      layout_basic, temple_doors_e, serial_shops, shop_fountains,
          gammafunk_ghost_arena, grunt_ministairs_11
D:5:      layout_basic, nicolae_overflow_hidden_temple,
          nicolae_uskayaw_dance_hall, gup_sewer_entry_pipe, kennysheep_dice,
          uniq_ijyb, uniq_grinder

Skill      XL: |  1  2  3  4  5  6 |
---------------+-------------------+-----
Summonings     | 5 6 7 |  7.3
Spellcasting   | 3 4 |  4.3
Fighting       | |  0.3
Dodging        | |  2.2
Stealth        | |  2.8

Action                   |  1- 3 |  4- 6 || total
-------------------------+-------+-------++-------
Melee: Dagger            |    13 |    25 ||    38
       Kick              |     3 |     3 ||     6
       Peck              |     1 |     1 ||     2
 Cast: Summon Small Mamm |   149 |     4 ||   153
       Call Imp          |     5 |    39 ||    44
       Call Canine Famil |     2 |    19 ||    21
       Summon Guardian G |       |     5 ||     5
  Use: Scroll            |       |     9 ||     9
       Potion            |       |     8 ||     8
 Stab: Distracted        |       |     1 ||     1
Armor: Robe              |     8 |     1 ||     9
       Skin              |       |    17 ||    17
Dodge: Dodged            |    28 |    26 ||    54

Table legend: (Time is in decaauts)
 A = Elapsed time spent in this place.
 B = Non-inter-level travel time spent in this place.
 C = Inter-level travel time spent in this place.
 D = Time resting spent in this place.
 E = Time spent auto-exploring this place.
 F = Levels seen in this place.
 G = Mean time per level.
                   A        B        C        D        E       F      G
               +--------+--------+--------+--------+--------+-----+--------+
         Total |   5670 |   5495 |    175 |    193 |   4212 |   5 | 1134.0 |
       Dungeon |   5670 |   5495 |    175 |    193 |   4212 |   5 | 1134.0 |
               +--------+--------+--------+--------+--------+-----+--------+

Top non-repeatable levels by time:
     D:4: 1726 daAuts
     D:1: 1430 daAuts
     D:2: 1222 daAuts
     D:3: 904 daAuts
     D:5: 386 daAuts
